 Dungeon Crawl Stone Soup version 0.31-a0-188-g5e087ee2ca (webtiles) character file.

Game seed: 3482818521757735516

97 qw the Shooter (level 4, 0/25 HPs)
             Began as a Deep Elf Hunter on June 23, 2023.
             Slain by an ufetubus (1 damage)
             ... on level 3 of the Dungeon.
             The game lasted 00:00:33 (1328 turns).

qw the Shooter (Deep Elf Hunter)                    Turns: 1328, Time: 00:00:33

Health: 0/25       AC:  5    Str:  9    XL:     4   Next: 42%
Magic:  6/6        EV: 10    Int: 18    God:
Gold:   86         SH:  0    Dex: 17    Spells: 3/3 levels left

rFire   + . .        Y - +0 shortbow (drain)
rCold   . . .        (shield currently unavailable)
rNeg    . . .        g - +0 ring mail
rPois   .            (no helmet)
rElec   .            (no cloak)
rCorr   .            (no gloves)
SInv    .            (no boots)
Will    .....        (no amulet)
Stlth   +            h - ring of protection from fire
HPRegen 0.24/turn    (no ring)
MPRegen 0.10/turn

%: clarity
@: lethally poisoned (0 -> -3)
A: clarity, clever 1
a: no special abilities


You were on level 3 of the Dungeon.
You visited 1 branch of the dungeon, and saw 3 of its levels.

You collected 86 gold pieces.


Innate Abilities, Weirdness & Mutations

You possess an exceptional clarity of mind.
Your mind is acute. (Int +4, Str/Dex -1)


   Skills:
 - Level 1.5 Fighting
 + Level 7.8 Ranged Weapons
 - Level 2.4 Dodging
 - Level 1.2 Stealth


You had 3 spell levels left.
You didn't know any spells.
Your spell library was empty.

Inventory:

Hand Weapons
 Y - a +0 shortbow of draining (weapon)
Armour
 g - a +0 ring mail (worn)
Jewellery
 h - a ring of protection from fire (left hand)
Scrolls
 d - a scroll of identify
 e - a scroll of amnesia {unknown}
Potions
 a - a potion of curing {unknown}
 b - a potion of heal wounds {unknown}
 c - a potion of haste {unknown}
 f - a potion of invisibility {unknown}
 i - a potion of degeneration {unknown}
 j - a potion of mutation

Dungeon Overview and Level Annotations

Branches:
Dungeon (3/15)

Altars:


Message History

The hobgoblin is moderately wounded.
The ufetubus closely misses you. The ufetubus barely misses you.
You shoot an arrow. The arrow closely misses the hobgoblin.
The hobgoblin hits you but does no damage.
The adder bites you.
You are poisoned.
The adder poisons you! The ufetubus closely misses you.
The ufetubus barely misses you. The hobgoblin closely misses you.
You shoot an arrow. The arrow hits the hobgoblin.
The hobgoblin is almost dead.
You feel sick.
The ufetubus hits you. x2; The adder closely misses you.
The ufetubus hits you but does no damage. x2
The adder barely misses you. The hobgoblin barely misses you.
You shoot an arrow. The arrow barely misses the hobgoblin.
You feel sick. The ufetubus hits you.
The ufetubus hits you but does no damage.
The adder bites you but does no damage. The hobgoblin hits you.
The ufetubus hits you but does no damage.
The ufetubus closely misses you.
You shoot an arrow. The arrow hits the hobgoblin.
You kill the hobgoblin!
You feel sick. The adder bites you.
You are more poisoned.
The adder poisons you! The ufetubus misses you. The ufetubus barely misses you.
The adder barely misses you.
The ufetubus hits you but does no damage. x2
You shoot an arrow. The arrow barely misses the ufetubus.
You feel sick. The adder bites you but does no damage.
The ufetubus closely misses you. x2; The adder bites you but does no damage.
You shoot an arrow.
The arrow hits the ufetubus but does no damage.
You feel sick. The ufetubus hits you. The ufetubus misses you.
The ufetubus hits you but does no damage.
The ufetubus barely misses you. The adder barely misses you.
You shoot an arrow. The arrow closely misses the ufetubus.
You feel sick. The ufetubus hits you. The ufetubus barely misses you.
The adder bites you but does no damage.
The ufetubus hits you but does no damage.
The ufetubus hits you.
You die...

#.....# ######
........## #.....
..........##
#######.....
....>...%..
...%.....(..
..........#
######.....
..........# #.<...
........S%# ##.(...
........5@# #......
........[.##
###......
.#.....#.)##
####...#####
########..###...[###
##.##..#### ##....##
#...### #......#
#.......


You could see an adder and an ufetubus.

Vanquished Creatures
  Jessica (D:2)
  3 adders (D:2)
  5 bats
  3 endoplasms
  4 goblins
  3 hobgoblins
  4 jackals (D:1)
  4 kobolds (D:2)
  4 quokkas
  6 ball pythons
  A frilled lizard (D:3)
  A rat (D:3)
39 creatures vanquished.

Notes
Turn   | Place    | Note
-------+----------+-------------------------------------------
     0 | D:1      | qw the Deep Elf Hunter began the quest for the Orb.
     0 | D:1      | Reached XP level 1. HP: 12/12 MP: 3/3
     0 | D:1      | 0 ||| qw: Version: 0.3-a-9-g12657ce
     0 | D:1      | 0 ||| qw: Game counter: 3223
     0 | D:1      | 0 ||| qw: Always use a shield: true
     0 | D:1      | 0 ||| qw: God list: Okawaru
     0 | D:1      | 0 ||| qw: Allow faded altars: false
     0 | D:1      | 0 ||| qw: Do Orc after D:15 true
     0 | D:1      | 0 ||| qw: Do second Lair branch before Depths: true
     0 | D:1      | 0 ||| qw: Lair rune preference: random
     0 | D:1      | 0 ||| qw: Plans: Normal
     0 | D:1      | 0 ||| PLANNING D:1-11
   241 | D:1      | Reached skill level 6 in Ranged Weapons
   241 | D:1      | Reached XP level 2. HP: 10/16 MP: 4/4
   245 | D:1      | 245 ||| FLEEEEING.
   251 | D:1      | 251 ||| FLEEEEING.
   252 | D:1      | 252 ||| FLEEEEING.
   253 | D:1      | 253 ||| FLEEEEING.
   254 | D:1      | 254 ||| FLEEEEING.
   255 | D:1      | 255 ||| FLEEEEING.
   256 | D:1      | 256 ||| FLEEEEING.
   257 | D:1      | 257 ||| FLEEEEING.
   258 | D:1      | 258 ||| FLEEEEING.
   259 | D:1      | 259 ||| FLEEEEING.
   260 | D:1      | 260 ||| FLEEEEING.
   262 | D:1      | 262 ||| FLEEEEING.
   263 | D:1      | 263 ||| FLEEEEING.
   264 | D:1      | 264 ||| FLEEEEING.
   500 | D:1      | 500 ||| UPGRADING to +0 scale mail.
   510 | D:1      | 510 ||| DROPPING +0 leather armour.
   511 | D:1      | 511 ||| UPGRADING to +0 ring mail.
   521 | D:1      | 521 ||| DROPPING +0 scale mail.
   522 | D:1      | 522 ||| UPGRADING to ring of protection from fire.
   523 | D:1      | 523 ||| READING scroll labelled BUZAMI KAXEECU.
   524 | D:1      | 524 ||| DROPPING scroll of butterflies.
   586 | D:2      | Reached XP level 3. HP: 20/20 MP: 5/5
   855 | D:2      | Reached skill level 7 in Ranged Weapons
  1091 | D:2      | Noticed Jessica
  1093 | D:2      | Killed Jessica
  1094 | D:2      | Reached XP level 4. HP: 25/25 MP: 6/6
  1247 | D:2      | 1247 ||| READING scroll labelled PAUNKAMAROI.
  1248 | D:2      | 1248 ||| READING 2 scrolls labelled UNWEUS NOACW.
  1249 | D:2      | 1249 ||| DRINKING 2 lumpy orange potions.
  1249 | D:2      | Gained mutation: You occasionally lose the ability to drink
                  | potions when taking damage. [potion of mutation]
  1249 | D:2      | Gained mutation: You expend magic power (3 MP) to
                  | strengthen your wands. [potion of mutation]
  1250 | D:2      | 1250 ||| DRINKING potion of mutation.
  1250 | D:2      | Lost mutation: You occasionally lose the ability to drink
                  | potions when taking damage. [potion of mutation]
  1250 | D:2      | Lost mutation: You expend magic power (3 MP) to strengthen
                  | your wands. [potion of mutation]
  1250 | D:2      | Gained mutation: You possess an exceptional clarity of
                  | mind. [potion of mutation]
  1250 | D:2      | Gained mutation: Your mind is acute. (Int +4, Str/Dex -1)
                  | [potion of mutation]
  1327 | D:3      | HP: 6/25 [poisoned by an adder]
  1328 | D:3      | HP: 1/25 [ufetubus (3)]
  1328 | D:3      | Slain by an ufetubus

Levels and vault maps discovered:
D:1:      minmay_arrival_four_houses, layout_basic
D:2:      layout_loops_ring, uniq_jessica
D:3:      layout_rooms

Skill      XL: |  1  2  3 |
---------------+----------+-----
Ranged Weapons | 6 7 |  7.8
Fighting       | |  1.5
Dodging        | |  2.4
Stealth        | |  1.2

Action                     |  1- 3 |  4- 6 || total
---------------------------+-------+-------++-------
   Fire: Shortbow          |    84 |    33 ||   117
    Use: Scroll            |     1 |     2 ||     3
         Potion            |       |     2 ||     2
 Armour: Ring mail         |     9 |    13 ||    22
  Dodge: Dodged            |    32 |    18 ||    50

Table legend:
 A = Non-vault XP
 B = Vault XP
 C = Vault XP percentage of total XP
 D = Non-vault monster count
 E = Vault monster count
 F = Vault count percentage of total count
                 A         B        C        D         E       F
            +---------+---------+-------+---------+---------+-------
      Total |     102 |      37 |  26.6 |      38 |       1 |   2.6
            +---------+---------+-------+---------+---------+-------
        D:1 |      23 |       0 |   0.0 |      12 |       0 |   0.0
        D:2 |      66 |      37 |  35.9 |      18 |       1 |   5.3
        D:3 |      13 |       0 |   0.0 |       8 |       0 |   0.0
            +---------+---------+-------+---------+---------+-------
